 Dungeon Crawl Stone Soup version 0.30-a0-918-g0ff054e9dc (webtiles) character file.

Game seed: 17276714996850982819

8120 lunkers the Geomancer (level 11, -3/81 HPs)
             Began as a Meteoran Earth Elementalist on Mar 20, 2023.
             Was a Believer of Hepliaklqana.
             Slain by a yak (8 damage)
             ... on level 1 of the Lair of Beasts.
             The game lasted 00:15:01 (3430 turns).

lunkers the Geomancer (Meteoran Earth Elementalist) Turns: 3430, Time: 00:15:02

Health: -3/81      AC: 12    Str: 10    XL:     11   Next: 78%
Magic:  1/26       EV: 16    Int: 22    God:    Hepliaklqana [**....]
Gold:   180        SH:  0    Dex: 17    Spells: 20/30 levels left

rFire   + . .      SeeInvis .    b - staff of conjuration
rCold   + . .      Faith    .    (no shield)
rNeg    . . .      Spirit   .    c - +2 robe {rC+ rF+}
rPois   .          Reflect  .    j - +0 helmet
rElec   +          Rampage  .    i - +0 cloak
rCorr   +                        y - +1 pair of gloves "Esaschapn" {rElec rCorr Dex+3}
Will    +....                    (no boots)
Stlth   +                        (no amulet)
HPRegen 0.33/turn                t - +4 ring of protection
MPRegen 0.20/turn                (no ring)

@: glowing
A: reduced essence, sense surroundings 2, otherworldly, glowing, explore regen
a: Renounce Religion, Ancestor Life: Knight, Ancestor Life: Battlemage, Ancestor
Life: Hexer, Recall Ancestor, Ancestor Identity


You were on level 1 of the Lair of Beasts.
You worshipped Hepliaklqana.
Hepliaklqana was pleased with you.
You visited 2 branches of the dungeon, and saw 9 of its levels.

You collected 345 gold pieces.
You spent 165 gold pieces at shops.

Inventory:

Hand Weapons
 a - a +3 dagger of venom
 m - a +0 dagger of protection
 C - a +0 long sword of pain
Armour
 c - a +2 robe of resistance (worn)
 g - a +1 pair of gloves of fire resistance
 i - a +0 cloak (worn)
 j - a +0 helmet (worn)
 u - a scarf of shadows
 y - the +1 pair of gloves "Esaschapn" (worn) {rElec rCorr Dex+3}
   (You found it on level 7 of the Dungeon)

   Dex:       It affects your dexterity (+3).
   rElec:     It insulates you from electricity.
   rCorr:     It protects you from acid and corrosion.
 D - +0 swamp dragon scales
Magical Staves
 b - a staff of conjuration (weapon)
Jewellery
 t - a +4 ring of protection (left hand)
 w - a ring of fire
Wands
 n - a wand of flame (20)
 G - a wand of iceblast (8)
Scrolls
 l - a scroll of enchant weapon
 p - 2 scrolls of teleportation
 q - a scroll of blinking
Potions
 d - 5 potions of flight
 e - 2 potions of lignification
 f - a potion of haste
 h - 2 potions of heal wounds
 k - a potion of brilliance
 o - a potion of invisibility
 r - 2 potions of mutation
 s - 4 potions of might
 v - a potion of experience
 A - a potion of magic
 B - a potion of cancellation
 E - 2 potions of curing
 F - a potion of resistance {unknown}
Miscellaneous
 x - a phantom mirror
 z - a condenser vane


   Skills:
 + Level 6.4 Fighting
 + Level 7.6 Dodging
 - Level 1.4 Stealth
 - Level 10.0 Spellcasting
 - Level 3.0 Conjurations
 - Level 1.2 Transmutations
 - Level 13.7 Earth Magic
 + Level 6.5 Invocations


You had 20 spell levels left.
You knew the following spells:

 Your Spells              Type           Power      Damage    Failure   Level
a - Stone Arrow           Conj/Erth      100%       3d13      1%          3
b - Passwall              Tmut/Erth      35%        N/A       1%          2
c - Sandblast             Erth           100%       2d20      1%          1
d - Petrify               Tmut/Erth      43%        N/A       2%          4

Your spell library contained the following spells:

 Spells                   Type           Power      Damage    Failure   Level
 Momentum Strike          Conj/Tloc      52%        3d9       4%          2
 Freeze                   Ice            44%        1d6       6%          1
 Blink                    Tloc           22%        N/A       9%          2
 Lesser Beckoning         Tloc           22%        N/A       9%          2
 Hailstorm                Conj/Ice       26%        3d7       10%         3
 Frozen Ramparts          Ice            22%        1d4       19%         3
 Gell's Gravitas          Tloc           11%        N/A       19%         3
 Teleport Other           Tloc           11%        N/A       19%         3
 Ice Form                 Ice/Tmut       13%        N/A       43%         4
 Summon Ice Beast         Ice/Summ       11%        N/A       52%         4
 Summon Forest            Summ/Tloc      5%         N/A       86%         5
 Eringya's Noxious Bog    Tmut/Pois      6%         N/A       100%        6
 Summon Hydra             Summ           5%         N/A       100%        7
 Borgnjor's Revivificati  Necr           5%         N/A       100%        8
 Necromutation            Tmut/Necr      6%         N/A       100%        8
 Death's Door             Necr           5%         N/A       100%        9


Dungeon Overview and Level Annotations

Branches:
Dungeon (8/15) Zot: 1301   Temple (0/1) D:7            Lair (1/5) D:8 Zot: 494

Altars:
Ashenzari
Dithmenos
Hepliaklqana
Sif Muna
Xom
Zin

Shops:
D:6 *


Innate Abilities, Weirdness & Mutations

Your life essence is reduced to manifest your ancestor. (-10% HP)
You passively map the area around you.
You are easily found by Zot.
You glow in the dark.
You regain HP and MP as you explore.


Message History

You kill the yak!
* * * LOW MAGIC WARNING * * *
Unknown command.
Casting: Stone Arrow (safe; 1% risk of failure)
Confirm with . or Enter, or press ? or * to list all spells.
Okay, then.
Okay, then.
Blink to where?
Press: ? - help, Dir - move target
As you read the scroll of blinking, it crumbles to dust.
Aiming: Sandblast (safe; 1% risk of failure)
Press: ? - help, Q - select action, (/) - cycle Shift-Dir - straight line, f - yak
Aim: a yak (91% to hit)
The blast of sand hits the yak.
The yak is lightly wounded.
* * * LOW MAGIC WARNING * * *
Aiming: Sandblast (safe; 1% risk of failure)
Press: ? - help, Q - select action, (/) - cycle Shift-Dir - straight line, f/p - yak
Aim: a yak (lightly wounded, 91% to hit)
The blast of sand hits the yak!
The yak is heavily wounded.
* * * LOW MAGIC WARNING * * *
Unknown command.
Aiming: Sandblast (safe; 1% risk of failure)
Press: ? - help, Q - select action, (/) - cycle Shift-Dir - straight line, f/p - yak
Aim: a yak (heavily wounded, 91% to hit)
The blast of sand hits the yak.
The yak is severely wounded.
* * * LOW MAGIC WARNING * * *
The yak gores you!
* * * LOW HITPOINT WARNING * * *
The yak gores you but does no damage.
Aiming: Sandblast (safe; 1% risk of failure)
Press: ? - help, Q - select action, (/) - cycle Shift-Dir - straight line, f/p - yak
Aim: a yak (severely wounded, 91% to hit)
The blast of sand hits the yak!
The yak is almost dead.
* * * LOW MAGIC WARNING * * *
The yak gores you!
You die...

#.............#
##.............#
#P.............#
##.............#
#..............##
#...............#
######..............#
.....................#
...........@#.......##
*...........Y........#
........†...........#
....................#
...................##
*...................#
.............#....## *
,....#.......#......#
* ,
....#.............#


You could see a yak.

Vanquished Creatures
  A two-headed ogre (D:7)
  An ugly thing (D:7)
  Maggie (D:8)
  Psyche (D:8)
  A komodo dragon (Lair:1)
  2 trolls (D:7)
  4 blink frogs (Lair:1)
  A shadow (D:6)
  Sigmund (D:4)
  A wyvern (D:7)
  4 yaks (Lair:1)
  A basilisk (D:7)
  A steam dragon (D:8)
  Edmund (D:6)
  5 water moccasins
  Duvessa (D:4)
  2 sky beasts (D:7)
  2 orc warriors (D:7)
  3 black bears
  A phantom (D:4)
  2 centaurs
  2 bullfrogs
  2 kobold brigands
  2 scorpions
  Dowan (D:4)
  5 wights
  8 killer bees
  2 howler monkeys
  3 electric eels (D:6)
  A jelly (D:6)
  A gnoll bouda (D:8)
  2 hounds
  A sleepcap (D:5)
  An orc priest (D:8)
  2 iguanas
  6 orc wizards
  7 gnolls
  6 adders
  3 shadow imps
  2 white imps (D:7)
  A dart slug (D:5)
  23 orcs
  3 endoplasms
  2 giant cockroaches (D:4)
  7 goblins
  6 hobgoblins
  4 jackals (D:3)
  3 quokkas
  5 ball pythons
  3 bats
  4 frilled lizards
  15 kobolds
  6 rats
176 creatures vanquished.

Vanquished Creatures (collateral kills)
  A blink frog (Lair:1)
  A wraith (D:7)
  A wight (D:6)
  A gnoll (D:8)
4 creatures vanquished.

Vanquished Creatures (others)
  8 ancestors
  6 plants (D:7)
14 creatures vanquished.

Grand Total: 194 creatures vanquished

Notes
Turn   | Place    | Note
-------+----------+-------------------------------------------
     0 | D:1      | lunkers the Meteoran Earth Elementalist began the quest for
                  | the Orb.
     0 | D:1      | Reached XP level 1. HP: 14/14 MP: 5/5
   155 | D:1      | Reached XP level 2. HP: 20/20 MP: 4/6
   177 | D:1      | Reached skill level 4 in Earth Magic
   584 | D:2      | Reached XP level 3. HP: 26/26 MP: 3/8
   675 | D:2      | Reached skill level 5 in Earth Magic
   675 | D:2      | Reached XP level 4. HP: 33/33 MP: 5/10
   708 | D:2      | Learned a level 2 spell: Passwall
   712 | D:2      | Learned a level 3 spell: Stone Arrow
   932 | D:3      | Reached XP level 5. HP: 38/38 MP: 8/11
   955 | D:3      | Reached skill level 1 in Conjurations
   997 | D:3      | Found a hazy altar of Hepliaklqana.
  1003 | D:3      | Became a worshipper of Hepliaklqana the Forgotten
  1040 | D:3      | Found a shadowy altar of Dithmenos.
  1148 | D:3      | Found a shimmering altar of Xom.
  1223 | D:4      | Noticed Sigmund
  1249 | D:3      | Reached skill level 6 in Earth Magic
  1249 | D:3      | Reached XP level 6. HP: 35/45 MP: 1/13
  1313 | D:4      | Killed Sigmund
  1314 | D:4      | Reached skill level 5 in Spellcasting
  1314 | D:4      | Reached skill level 7 in Earth Magic
  1314 | D:4      | Reached XP level 7. HP: 39/50 MP: 10/15
  1466 | D:4      | Noticed Dowan
  1466 | D:4      | Noticed Duvessa
  1482 | D:4      | Killed Duvessa
  1483 | D:4      | Reached skill level 8 in Earth Magic
  1483 | D:4      | Reached XP level 8. HP: 30/57 MP: 9/17
  1484 | D:4      | Killed Dowan
  1492 | D:4      | Found a glowing silver altar of Zin.
  1521 | D:5      | Entered Level 5 of the Dungeon
  1651 | D:5      | Learned a level 4 spell: Petrify
  1882 | D:6      | Found Noilissied's Fire Supplies.
  1891 | D:6      | Bought a +1 pair of gloves of fire resistance for 165 gold
                  | pieces
  1961 | D:6      | Found a broken altar of Ashenzari.
  1966 | D:6      | Reached skill level 9 in Earth Magic
  1966 | D:6      | Reached * piety under Hepliaklqana
  1995 | D:6      | Found a shimmering blue altar of Sif Muna.
  2016 | D:6      | Noticed Edmund
  2021 | D:6      | Killed Edmund
  2022 | D:6      | Reached skill level 10 in Earth Magic
  2022 | D:6      | Gained mutation: You passively map the area around you.
                  | [Meteoran growth]
  2022 | D:6      | Reached XP level 9. HP: 48/55 MP: 16/20
  2370 | D:6      | Reached skill level 11 in Earth Magic
  2531 | D:7      | Noticed a two-headed ogre
  2541 | D:7      | Killed a two-headed ogre
  2542 | D:7      | Reached skill level 12 in Earth Magic
  2542 | D:7      | Reached XP level 10. HP: 62/62 MP: 16/24
  2577 | D:7      | Identified the +1 pair of gloves "Esaschapn" {rElec rCorr
                  | Dex+3}
  2652 | D:7      | Reached skill level 1 in Fighting
  2652 | D:7      | Reached skill level 13 in Earth Magic
  2695 | D:7      | Found a staircase to the Ecumenical Temple.
  2729 | D:7      | Noticed a green ugly thing
  2733 | D:7      | Killed a green ugly thing
  2784 | D:7      | Reached skill level 10 in Spellcasting
  2815 | D:7      | Reached ** piety under Hepliaklqana
  2842 | D:7      | Reached skill level 1 in Invocations
  2856 | D:7      | Reached XP level 11. HP: 56/73 MP: 16/26
  2865 | D:8      | Found a staircase to the Lair.
  2868 | D:8      | Reached skill level 5 in Dodging
  2942 | D:8      | Noticed Maggie
  2952 | D:8      | Killed Maggie
  3316 | D:8      | Noticed Psyche
  3321 | D:8      | Killed Psyche
  3337 | Lair:1   | Entered Level 1 of the Lair of Beasts
  3344 | Lair:1   | Reached skill level 5 in Fighting
  3363 | Lair:1   | Reached skill level 5 in Invocations
  3430 | Lair:1   | Slain by a yak

Illustrated notes

Levels and vault maps discovered:
D:1:      roderic_dead_forest, layout_loops_cross, patterned_corridor
D:2:      layout_loops_corners
D:3:      layout_basic, nicolae_dithmenos_shadow_blocks, lemuel_round_altar,
          nicolae_hepliaklqana_hippocampus, grunt_decor_one_mirror
D:4:      layout_rooms, zin_statuary, uniq_duvessa, uniq_sigmund
D:5:      minmay_skewed_foursquare, layout_loops_cross, serial_shops,
          nicolae_shop_behind_doors, uniq_menkaure
D:6:      layout_gridville, mainiacjoe_overflow_paths,
          mainiacjoe_overflow_small_starburst, serial_bayou,
          serial_bayou_crossing, serial_bayou_shore_a, serial_bayou_shore_b,
          serial_bayou_ford_a, nicolae_shop_fire_sale [nicolae_sub_dead_trees],
          uniq_edmund
D:7:      minmay_the_grid_triangle_9x9_rhombus_thin
          [minmay_the_grid_triangle_9x9_longest,
          minmay_the_grid_triangle_9x9_prize_insulated,
          minmay_the_grid_triangle_9x9_from_above,
          minmay_the_grid_triangle_9x9_intruding_spiral], layout_rooms,
          nicolae_ru_the_path_less_chosen, lemuel_round_altar, temple_fountains
D:8:      layout_layer_cave, general_overflow_altar, lair_entry_dummy,
          uniq_maggie, uniq_psyche
Lair:1:   layout_gridlike, uniq_sonja

Skill      XL: |  1  2  3  4  5  6  7  8  9 10 11 |
---------------+----------------------------------+-----
Earth Magic    | 4 5 6 7 8 10 12 13 | 13.7
Spellcasting   | 3 4 5 7 9 10 | 10.0
Conjurations   | 2 3 |  3.0
Fighting       | 3 6 |  6.4
Dodging        | 4 7 |  7.6
Invocations    | 1 6 |  6.5
Stealth        | |  1.4
Transmutations | |  1.2

Action                     |  1- 3 |  4- 6 |  7- 9 | 10-12 || total
---------------------------+-------+-------+-------+-------++-------
  Melee: Dagger            |       |       |     3 |       ||     3
   Cast: Sandblast         |    31 |    59 |    88 |   123 ||   301
         Stone Arrow       |       |       |    11 |    39 ||    50
         Passwall          |       |       |     2 |       ||     2
    Use: Scroll            |       |     9 |     5 |     7 ||    21
 Armour: Robe              |     1 |    11 |    16 |    33 ||    61
  Dodge: Dodged            |    10 |    16 |    30 |    56 ||   112

Table legend: (Time is in decaauts)
 A = Elapsed time spent in this place.
 B = Non-inter-level travel time spent in this place.
 C = Inter-level travel time spent in this place.
 D = Time resting spent in this place.
 E = Time spent auto-exploring this place.
 F = Levels seen in this place.
 G = Mean time per level.
                   A        B        C        D        E       F      G
               +--------+--------+--------+--------+--------+-----+--------+
         Total |   3602 |   3530 |     72 |      0 |   2178 |   9 |  400.2 |
       Dungeon |   3498 |   3426 |     72 |      0 |   2161 |   8 |  437.2 |
          Lair |    103 |    103 |      0 |      0 |     17 |   1 |  103.0 |
               +--------+--------+--------+--------+--------+-----+--------+

Top non-repeatable levels by time:
     D:6: 572 daAuts
     D:8: 491 daAuts
     D:7: 490 daAuts
     D:3: 461 daAuts
     D:2: 435 daAuts
     D:1: 394 daAuts
     D:5: 367 daAuts
     D:4: 286 daAuts
  Lair:1: 103 daAuts
